 Dungeon Crawl Stone Soup version 0.22-a0-803-gd6d8abe (webtiles) character file.

21392 sking99 the Grappler (level 12, -2/151 HPs)
             Began as an Ogre Transmuter on July 22, 2018.
             Was a High Priest of Makhleb.
             Slain by a black mamba (6 damage)
             ... on level 3 of the Lair of Beasts.
             The game lasted 00:27:13 (16737 turns).

sking99 the Grappler (Ogre Transmuter)             Turns: 16737, Time: 00:27:14

Health: -2/151     AC:  7    Str: 17    XL:     12   Next: 89%
Magic:  11/16      EV:  1    Int: 18    God:    Makhleb [*****.]
Gold:   728        SH:  0    Dex: 13    Spells: 8/17 levels left

rFire    . . .     SeeInvis .     - Unarmed
rCold    + + +     Gourm    .   (shield currently unavailable)
rNeg     + + +     Faith    .   (armour currently unavailable)
rPois    ∞         Spirit   .   (helmet currently unavailable)
rElec    .         Reflect  .   (cloak currently unavailable)
rCorr    .         Harm     .   (gloves unavailable)
MR       +....                  (boots unavailable)
Stlth    +.........             (no amulet)
HPRegen  0.35/turn              y - +4 ring of intelligence
MPRegen  0.15/turn              F - ring of protection from fire

@: lethally poisoned (-2 -> -2), ice-form, petrified, very slightly contaminated
A: large, unfitting armour
a: End Transformation, Minor Destruction, Lesser Servant of Makhleb, Major
Destruction, Greater Servant of Makhleb, Renounce Religion


You were on level 3 of the Lair of Beasts.
You worshipped Makhleb.
Makhleb was extremely pleased with you.
You were not hungry.
You were a creature of crystalline ice.
You visited 2 branches of the dungeon, and saw 14 of its levels.

You collected 728 gold pieces.

Inventory:

Missiles
 a - 176 arrows
Armour
 c - a +1 robe of the Archmagi (melded)
 o - a +1 cloak (melded)
Jewellery
 u - an uncursed ring of flight
 v - an uncursed ring of resist corrosion
 y - a +4 ring of intelligence (left front paw)
 D - an uncursed ring of positive energy
 F - a ring of protection from fire (right front paw)
Wands
 b - a wand of flame (39)
 n - a wand of disintegration (6)
 x - a wand of paralysis (11)
 z - a wand of acid (8)
 C - a wand of polymorph (8)
 H - a wand of enslavement (11)
Scrolls
 j - 4 scrolls of amnesia
 l - 7 scrolls of teleportation
 m - 2 scrolls of remove curse
 w - 2 scrolls of enchant weapon
 A - a scroll of torment {unknown}
 B - a scroll of silence {unknown}
 I - 2 scrolls of fog {unknown}
 J - a scroll of vulnerability {unknown}
Potions
 e - a potion of magic {unknown}
 f - 2 potions of heal wounds
 g - a potion of degeneration {unknown}
 h - a potion of brilliance
 i - 3 potions of agility
 k - 4 potions of haste
 p - 5 potions of lignification
 q - a potion of ambrosia {unknown}
 r - 2 potions of flight
 s - a potion of might {unknown}
 t - a potion of cancellation {unknown}
 E - 2 potions of resistance {unknown}
Comestibles
 d - 26 rations
 G - a chunk of flesh


   Skills:
 - Level 10.0 Fighting
 + Level 6.9 Dodging
 * Level 13.2 Unarmed Combat
 - Level 3.0 Spellcasting
 - Level 8.1 Transmutations
 - Level 4.0 Ice Magic
 - Level 1.0 Poison Magic
 - Level 6.0 Invocations


You had 8 spell levels left.
You knew the following spells:

 Your Spells              Type           Power        Failure   Level  Hunger
a - Ice Form              Ice/Tmut       ###.....     14%         4    ####...
b - Sticks to Snakes      Tmut           ####....     1%          2    ##.....
c - Spider Form           Tmut/Pois      ###.......   8%          3    ###....

Your spell library contained the following spells:

 Spells                   Type           Power        Failure   Level  Hunger
 Magic Dart               Conj           #...         16%         1    None
 Bolt of Magma            Conj/Fire/Erth #.........   99%         5    ######.
 Confuse                  Hex            #.......     43%         3    ###....
 Venom Bolt               Conj/Pois      #.........   98%         5    ######.
 Iskenderun's Mystic Bla  Conj           #.......     85%         4    ####...
 Animate Dead             Necr           N/A          85%         4    ####...
 Pain                     Necr           #...         16%         1    None
 Animate Skeleton         Necr           N/A          16%         1    None
 Vampiric Draining        Necr           #.........   43%         3    ###....
 Regeneration             Chrm/Necr      #.........   43%         3    ###....
 Tukima's Dance           Hex            #.......     43%         3    ###....
 Iron Shot                Conj/Erth      #.........   100%        6    #######
 Blade Hands              Tmut           ####......   16%         5    ######.
 Ensorcelled Hibernation  Hex/Ice        #.....       11%         2    ##.....
 Corona                   Hex            #......      16%         1    None
 Orb of Destruction       Conj           #.........   100%        7    #######
 Beastly Appendage        Tmut           ####..       1%          1    None
 Iskenderun's Battlesphe  Conj/Chrm      #.......     99%         5    ######.
 Fulminant Prism          Conj/Hex       #.........   85%         4    ####...
 Dazzling Spray           Conj/Hex       #.....       43%         3    ###....
 Force Lance              Conj/Tloc      #.......     85%         4    ####...
 Searing Ray              Conj           #.....       24%         2    ##.....
 Spellforged Servitor     Conj/Summ      #.........   100%        7    #######


Dungeon Overview and Level Annotations

Branches:
Dungeon (11/15)            Temple (0/1) D:6            Lair (3/6) D:11
    Orc (0/2) D:11
  Swamp: Lair:2-4    Shoals: Lair:2-4     Snake: Lair:2-4    Spider: Lair:2-4

Altars:
Cheibriados
Dithmenos
Elyvilon
Hepliaklqana
Makhleb
Yredelemnul
The Shining One

Shops:
D:9 }   D:11 =

Annotations:
D:8 3 runed doors, DrakeDragon's ghost, novice HaHu


Innate Abilities, Weirdness & Mutations

You are too large for most types of armour.
((You have tough skin. (AC +1)))


Message History

Your orange demon stings the basilisk.
Your orange demon hits the basilisk.
The basilisk dies!
Makhleb accepts your kill. The black mamba bites you!
* * * LOW HITPOINT WARNING * * *
You have turned to stone.
The black mamba bites you!
* * * LOW HITPOINT WARNING * * *
Your orange demon stings the black mamba from afar!
The black mamba bites you. The black mamba bites you.
* * * LOW HITPOINT WARNING * * *
Your orange demon misses the black mamba.
The black mamba bites you!!
* * * LOW HITPOINT WARNING * * *
Your orange demon stings the black mamba from afar!
The black mamba bites you.
* * * LOW HITPOINT WARNING * * *
The black mamba bites you!
You die...

.. ##.. #.#.
##... ##
###P... #...
.......###.....
......S......?.
.......Y.#
.....4>#.#
....>.. ##
....... .......
....... .......
P..#..#


You could see a black mamba and a friendly orange demon.

Vanquished Creatures
  Harold (Lair:1)
  A hydra (Lair:1)
  5 two-headed ogres
  An ugly thing (D:11)
  A cyclops (D:11)
  Psyche (D:11)
  A black mamba (Lair:2)
  5 spiny frogs
  2 komodo dragons (Lair:2)
  A queen bee (Lair:2)
  4 blink frogs (Lair:2)
  4 hippogriffs
  A hornet (D:9)
  2 wyverns
  12 yaks
  2 basilisks
  A hungry ghost (D:7)
  Menkaure (D:7)
  6 water moccasins
  9 porcupines
  An orc warrior (D:10)
  2 sky beasts (D:9)
  2 ice beasts
  A phantom (D:8)
  A necrophage (D:8)
  6 ogres
  14 wolves
  3 centaurs
  2 crocodiles
  10 bullfrogs
  4 scorpions
  21 killer bees
  6 howler monkeys
  14 wights
  4 crimson imps
  2 bullfrog zombies
  2 centaur zombies
  A quasit (D:2)
  6 hounds
  2 bullfrog skeletons
  A centaur skeleton (D:10)
  6 orc priests
  Crazy Yiuf (D:3)
  4 jellies
  Jessica (D:3)
  Ijyb (D:4)
  Terence (D:3)
  4 iguanas
  13 orc wizards
  7 worker ants
  A worker ant zombie (D:11)
  3 howler monkey zombies
  Robin (D:3)
  13 adders
  3 gnolls (D:10)
  3 shadow imps
  6 oozes
  An adder skeleton (D:7)
  3 worms
  2 dart slugs
  5 leopard geckos
  38 orcs
  2 ball pythons
  8 giant cockroaches
  19 goblins
  9 hobgoblins
  10 jackals
  4 quokkas
  A ball python skeleton (D:4)
  8 bats
  4 frilled lizards (D:2)
  6 kobolds
  2 leopard gecko skeletons (D:6)
  A leopard gecko zombie (D:5)
  8 rats
  A spectral orc (D:5)
366 creatures vanquished.

Vanquished Creatures (collateral kills)
  An ugly thing (D:11)
  Prince Ribbit (D:5)
  A basilisk (Lair:3)
3 creatures vanquished.

Vanquished Creatures (others)
  2 bushes (D:11)
  3 fungi (D:11)
  13 plants (D:11)
18 creatures vanquished.

Grand Total: 387 creatures vanquished

Notes
Turn   | Place    | Note
-------+----------+-------------------------------------------
     0 | D:1      | sking99 the Ogre Transmuter began the quest for the Orb.
     0 | D:1      | Reached XP level 1. HP: 19/19 MP: 3/3
   649 | D:1      | Reached skill level 3 in Unarmed Combat
   679 | D:1      | Reached XP level 2. HP: 14/28 MP: 5/5
   709 | D:1      | HP: 1/28 [leopard gecko (4)]
  1012 | D:1      | Learned a level 2 spell: Sticks to Snakes
  1633 | D:2      | Reached XP level 3. HP: 29/36 MP: 6/6
  1693 | D:2      | Learned a level 3 spell: Spider Form
  1739 | D:2      | Reached XP level 4. HP: 20/44 MP: 0/7
  2328 | D:2      | Reached skill level 1 in Poison Magic
  2359 | D:2      | Reached skill level 4 in Unarmed Combat
  2635 | D:2      | Found a glowing golden altar of the Shining One.
  3408 | D:3      | Reached XP level 5. HP: 45/50 MP: 4/8
  3625 | D:3      | Noticed Jessica
  3655 | D:3      | Killed Jessica
  3767 | D:3      | Noticed Robin
  3822 | D:3      | Killed Robin
  4184 | D:3      | Noticed Terence
  4195 | D:3      | Killed Terence
  4195 | D:3      | Reached XP level 6. HP: 43/61 MP: 1/9
  4792 | D:3      | Reached skill level 5 in Unarmed Combat
  4862 | D:3      | Found a runed door.
  4867 | D:3      | Noticed Crazy Yiuf
  4877 | D:3      | Killed Crazy Yiuf
  5441 | D:4      | Reached XP level 7. HP: 57/70 MP: 10/10
  5616 | D:4      | Noticed Ijyb
  5642 | D:4      | Killed Ijyb
  5885 | D:4      | Reached skill level 6 in Unarmed Combat
  5912 | D:4      | Found a burning altar of Makhleb.
  6087 | D:4      | Reached skill level 5 in Fighting
  6436 | D:4      | Became a worshipper of Makhleb the Destroyer
  6451 | D:5      | Entered Level 5 of the Dungeon
  6459 | D:5      | Noticed Prince Ribbit
  6467 | D:5      | Reached XP level 8. HP: 63/80 MP: 0/11
  6776 | D:5      | Killed Prince Ribbit
  6916 | D:5      | Reached skill level 7 in Unarmed Combat
  7905 | D:5      | Found a basalt altar of Yredelemnul.
  8232 | D:6      | Reached skill level 8 in Unarmed Combat
  8545 | D:6      | HP: 4/87 [bullfrog (2)]
  8546 | D:6      | Reached * piety under Makhleb
  8546 | D:6      | Reached XP level 9. HP: 4/93 MP: 10/12
  9030 | D:6      | Found a staircase to the Ecumenical Temple.
  9375 | D:7      | Noticed Menkaure
  9380 | D:7      | Killed Menkaure
  9778 | D:7      | Reached skill level 9 in Unarmed Combat
 10228 | D:7      | Reached ** piety under Makhleb
 10420 | D:7      | Learned a level 4 spell: Ice Form
 10429 | D:8      | Found a glowing golden altar of the Shining One.
 10863 | D:8      | Reached skill level 1 in Ice Magic
 11079 | D:8      | Reached XP level 10. HP: 107/107 MP: 8/14
 11165 | D:8      | Found a runed gate.
 11165 | D:8      | Found a runed gate.
 11166 | D:8      | Found a runed gate.
 11170 | D:8      | Noticed DrakeDragon's ghost (novice HaHu)
 11191 | D:8      | Reached skill level 5 in Transmutations
 11781 | D:9      | Reached *** piety under Makhleb
 11817 | D:9      | Noticed a two-headed ogre
 11829 | D:9      | Killed a two-headed ogre
 12076 | D:9      | Found Suggyc's Gadget Emporium.
 12162 | D:9      | Found a hazy altar of Hepliaklqana.
 12165 | D:9      | Found a snail-covered altar of Cheibriados.
 12168 | D:9      | Found a shadowy altar of Dithmenos.
 12246 | D:9      | Found a white marble altar of Elyvilon.
 12588 | D:10     | Entered Level 10 of the Dungeon
 12977 | D:10     | Reached skill level 10 in Unarmed Combat
 13069 | D:10     | Reached XP level 11. HP: 104/115 MP: 10/15
 13072 | D:10     | Reached **** piety under Makhleb
 13092 | D:10     | Noticed a two-headed ogre
 13101 | D:10     | Killed a two-headed ogre
 13742 | D:11     | Noticed a purple ugly thing
 13755 | D:11     | Killed a purple ugly thing
 13755 | D:11     | Reached skill level 10 in Fighting
 13770 | D:11     | Found a staircase to the Orcish Mines.
 13815 | D:11     | Noticed a two-headed ogre
 13822 | D:11     | Killed a two-headed ogre
 13946 | D:11     | Found Gotapraje's Jewellery Shoppe.
 13979 | D:11     | Noticed a two-headed ogre
 13985 | D:11     | Killed a two-headed ogre
 13985 | D:11     | Reached skill level 11 in Unarmed Combat
 14038 | D:11     | Noticed a brown ugly thing
 14050 | D:11     | Killed a brown ugly thing
 14200 | D:11     | Noticed a two-headed ogre
 14201 | D:11     | Noticed a cyclops
 14228 | D:11     | Killed a two-headed ogre
 14273 | D:11     | Noticed Psyche
 14277 | D:11     | Killed Psyche
 14360 | D:11     | Reached skill level 1 in Invocations
 14422 | D:11     | Found a staircase to the Lair.
 14517 | D:11     | Killed a cyclops
 14517 | D:11     | Reached skill level 5 in Dodging
 14879 | Lair:1   | Entered Level 1 of the Lair of Beasts
 14898 | Lair:1   | Noticed Harold
 14912 | Lair:1   | Killed Harold
 14912 | Lair:1   | Reached XP level 12. HP: 126/126 MP: 11/16
 15001 | Lair:1   | Reached skill level 12 in Unarmed Combat
 15073 | Lair:1   | Reached ***** piety under Makhleb
 15088 | Lair:1   | Noticed a four-headed hydra
 15103 | Lair:1   | Killed a four-headed hydra
 15819 | Lair:2   | Reached skill level 5 in Invocations
 16261 | Lair:2   | Reached skill level 13 in Unarmed Combat
 16730 | Lair:3   | HP: 2/151 [black mamba (9)]
 16736 | Lair:3   | HP: 4/151 [black mamba (9)]
 16737 | Lair:3   | Slain by a black mamba

Vault maps used:
D:1:      evilmike_arrival_plus
D:2:      first_ration, grunt_ministairs_14, tso_altar
D:3:      uniq_crazy_yiuf_cottage, uniq_jessica, uniq_robin, uniq_terence
D:4:      makhleb_blood_cavern_becter, uniq_ijyb
D:5:      yredelemnul_forgotten_temple_becter, fountainhead,
          kennysheep_generic_room_9, uniq_prince_ribbit1
D:6:      temple_fountains
D:7:      grunt_ogre_cave, uniq_menkaure
D:8:      overflow_temple_1_default, gammafunk_ghost_spectres
D:9:      lemuel_crystal_altar, grunt_temple_overflow_diamond, serial_shops,
          kennysheep_mini_moat
D:11:     minmay_lair_entry_grove, serial_shops, kennysheep_little_box,
          uniq_psyche
Lair:1:   grunt_megastairs_3, uniq_harold
Lair:2:   special_room, lemuel_fruit_fields
Lair:3:   minmay_shoals_entry_hut, basic_altar, lab_entry_generic

Skill      XL: |  1  2  3  4  5  6  7  8  9 10 11 12 |
---------------+-------------------------------------+-----
Unarmed Combat | 3 4 5 6 8 9 10 11 13 | 13.2
Fighting       | 2 3 4 5 7 9 10 | 10.0
Transmutations | 2 3 4 8 |  8.1
Poison Magic   | 1 |  1.0
Ice Magic      | 1 4 |  4.0
Spellcasting   | 3 |  3.0
Dodging        | 2 5 6 |  6.9
Invocations    | 3 6 |  6.0

Action                   |  1- 3 |  4- 6 |  7- 9 | 10-12 || total
-------------------------+-------+-------+-------+-------++-------
Melee: Unarmed           |   109 |   312 |   417 |   518 ||  1356
       Headbutt          |     4 |     1 |       |       ||     5
       Kick              |       |     3 |       |       ||     3
       Punch             |       |     1 |     3 |     4 ||     8
 Cast: Beastly Appendage |     4 |     3 |       |       ||     7
       Spider Form       |     1 |    12 |    29 |    13 ||    55
       Sticks to Snakes  |       |     2 |     5 |     8 ||    15
       Ice Form          |       |       |       |    32 ||    32
Invok: Lesser Servant of |       |       |       |     1 ||     1
  Use: Potion            |     1 |       |     1 |     2 ||     4
       Scroll            |       |    10 |     2 |       ||    12
 Stab: Sleeping          |       |       |     3 |     4 ||     7
       Distracted        |       |       |     1 |     1 ||     2
  Eat: Chunk             |     3 |    14 |    16 |    25 ||    58
       Ration            |       |       |     2 |     1 ||     3
Armor: Robe              |    33 |    56 |    54 |    14 ||   157
       Skin              |     8 |     7 |    16 |    67 ||    98
Dodge: Dodged            |    69 |   170 |   251 |   254 ||   744

Table legend:
 A = Spawn XP
 B = Non-spawn XP
 C = Spawn XP percentage of total XP
 D = Spawn monster count
 E = Non-spawn monster count
 F = Spawn count percentage of total count
 G = Total turns spent on level
                    A         B        C        D         E        F      G
               +---------+---------+-------+---------+---------+-------+---------
         Total |       0 |   30560 |   0.0 |       0 |     369 |   0.0 | 16737
               +---------+---------+-------+---------+---------+-------+---------
           D:1 |       0 |      24 |   0.0 |       0 |      13 |   0.0 |  1478
           D:2 |       0 |     126 |   0.0 |       0 |      32 |   0.0 |  1680
           D:3 |       0 |     273 |   0.0 |       0 |      40 |   0.0 |  1986
           D:4 |       0 |     741 |   0.0 |       0 |      32 |   0.0 |  1566
           D:5 |       0 |     872 |   0.0 |       0 |      26 |   0.0 |  1603
           D:6 |       0 |     527 |   0.0 |       0 |      13 |   0.0 |   938
           D:7 |       0 |    1568 |   0.0 |       0 |      27 |   0.0 |  1173
           D:8 |       0 |    1417 |   0.0 |       0 |      29 |   0.0 |  1269
           D:9 |       0 |    2513 |   0.0 |       0 |      22 |   0.0 |   895
          D:10 |       0 |    2654 |   0.0 |       0 |      39 |   0.0 |  1154
          D:11 |       0 |    7061 |   0.0 |       0 |      29 |   0.0 |  1137
        Lair:1 |       0 |    5765 |   0.0 |       0 |      23 |   0.0 |   914
        Lair:2 |       0 |    6904 |   0.0 |       0 |      43 |   0.0 |   924
        Lair:3 |       0 |     115 |   0.0 |       0 |       1 |   0.0 |    20
               +---------+---------+-------+---------+---------+-------+---------
